 Dungeon Crawl Stone Soup version 0.22-a0-367-gb72a975 (webtiles) character file.

74 khargal the Skirmisher (level 4, -3/40 HPs)
             Began as a Draconian Monk on Apr 22, 2018.
             Killed by divine providence
             ... invoked by an orc priest
              (14 damage)
             ... on level 2 of the Dungeon.
             The game lasted 00:02:25 (1284 turns).

khargal the Skirmisher (Draconian Monk)             Turns: 1284, Time: 00:02:26

Health: -3/40      AC:  5    Str: 13    XL:     4   Next: 10%
Magic:  4/4        EV: 13    Int: 11    God:
Gold:   83         SH:  4    Dex: 14    Spells: 3/3 levels left

rFire    . . .     SeeInvis .   a - +0 mace
rCold    . . .     Gourm    .   k - +0 buckler
rNeg     . . .     Faith    .   (armour unavailable)
rPois    .         Spirit   .   (helmet restricted)
rElec    .         Reflect  .   (no cloak)
rCorr    .         Harm     .   (no gloves)
MR       .....                  (no boots)
Stlth    ++........             (no amulet)
HPRegen  0.13/turn              (no ring)
MPRegen  0.09/turn              (no ring)

@: no status effects
A: unfitting armour, cold-blooded, AC +5
a: no special abilities


You were on level 2 of the Dungeon.
You were not hungry.

You visited 1 branch of the dungeon, and saw 2 of its levels.

You collected 83 gold pieces.

Inventory:

Hand Weapons
 a - a +0 mace (weapon)
Missiles
 c - a throwing net
 f - 4 silver javelins (quivered)
Armour
 k - a +0 buckler (worn)
Scrolls
 d - 2 scrolls of remove curse {unknown}
 e - a scroll of identify {unknown}
 g - a scroll of enchant armour {unknown}
 h - a scroll of enchant weapon {unknown}
 i - 2 scrolls of teleportation {unknown}
 j - a scroll of immolation {unknown}
 m - a scroll of noise {unknown}
Potions
 l - a potion of curing
Comestibles
 b - 2 rations
 n - 4 chunks of flesh


   Skills:
 + Level 3.8 Fighting
 + Level 3.8 Maces & Flails
 + Level 3.2 Dodging
 - Level 2.0 Stealth
 * Level 1.2 Shields


You had 3 spell levels left.
You didn't know any spells.

Dungeon Overview and Level Annotations

Branches:
Dungeon (2/15)

Altars:


Innate Abilities, Weirdness & Mutations

Your plain brown scales are hard. (AC +5)
You cannot fit into any form of body armour.
You are cold-blooded and may be slowed by cold attacks.


Message History

The orc priest is lightly wounded.
The orc priest completely misses you. The orc closely misses you.
You hit the orc priest but do no damage.
You tail-slap the orc priest, but do no damage.
The orc priest is lightly wounded.
The orc priest closely misses you. You block the orc's attack.
You hit the orc priest.
The orc priest is heavily wounded.
The orc priest barely misses you. The orc closely misses you.
You hit the orc priest.
You tail-slap the orc priest, but do no damage.
The orc priest is severely wounded.
The orc hits you but does no damage. The orc priest hits you with a mace.
* * * LOW HITPOINT WARNING * * *
You hit the orc priest.
The orc priest is severely wounded.
The orc closely misses you.
The orc priest calls down the wrath of Beogh upon you.
Beogh smites you!
You die...

###.#.## ##################
##.###.## #................# #.##
##.### #.##############.# .##
##..# #.# #.# # #.## ##.#.# #.#
#.# # ##.###.##.# #.# ###.###
###.#.###.####.############...(..
####...........#ooo............(.
........#.###..#@##..............
####..#.#.###..#.##.#######......
......#.#...........# ####.(....
#.....#.#......####.# ##.........
#.#####.#.#########(###...###.##.
............# #......>........##.
.....##.#.#.# #.####.##...##..###
#.##.##.#<#.# #.###.#.##.###..#
#.##........###.##.###...# #..#


You could see an orc priest and 2 orcs.

Vanquished Creatures
  3 adders (D:2)
  3 dart slugs
  2 orcs (D:2)
  A ball python (D:2)
  2 bats
  4 giant cockroaches
  4 goblins
  4 hobgoblins
  A jackal (D:2)
  2 quokkas (D:2)
  6 frilled lizards
  A kobold (D:1)
  7 rats
40 creatures vanquished.

Vanquished Creatures (others)
  4 toadstools (D:1)
4 creatures vanquished.

Grand Total: 44 creatures vanquished

Notes
Turn   | Place    | Note
-------+----------+-------------------------------------------
     0 | D:1      | khargal the Draconian Monk began the quest for the Orb.
     0 | D:1      | Reached XP level 1. HP: 19/19 MP: 1/1
   167 | D:1      | Reached XP level 2. HP: 19/26 MP: 2/2
   801 | D:2      | Reached XP level 3. HP: 25/33 MP: 3/3
  1178 | D:2      | Reached skill level 1 in Shields
  1274 | D:2      | Reached XP level 4. HP: 18/40 MP: 4/4
  1284 | D:2      | Killed from afar by an orc priest

Vault maps used:
D:1:      ldierk_walled_garden_2

Skill      XL: |  1  2  3 |
---------------+----------+-----
Stealth        | 2 |  2.0
Dodging        | 3 |  3.2
Shields        | 1 |  1.2
Fighting       | |  3.8
Maces & Flails | |  3.8

Action                   |  1- 3 |  4- 6 || total
-------------------------+-------+-------++-------
Melee: Mace              |   106 |    10 ||   116
       Tailslap          |    16 |     5 ||    21
  Use: Potion            |     1 |       ||     1
 Stab: Sleeping          |     7 |       ||     7
  Eat: Chunk             |     1 |       ||     1
Armor: Skin              |    41 |     3 ||    44
Dodge: Dodged            |    74 |     9 ||    83
Block: Buckler           |    10 |     1 ||    11

Table legend:
 A = Spawn XP
 B = Non-spawn XP
 C = Spawn XP percentage of total XP
 D = Spawn monster count
 E = Non-spawn monster count
 F = Spawn count percentage of total count
 G = Total turns spent on level
                    A         B        C        D         E        F      G
               +---------+---------+-------+---------+---------+-------+---------
         Total |       0 |     107 |   0.0 |       0 |      40 |   0.0 |  1284
               +---------+---------+-------+---------+---------+-------+---------
           D:1 |       0 |      29 |   0.0 |       0 |      16 |   0.0 |   732
           D:2 |       0 |      78 |   0.0 |       0 |      24 |   0.0 |   552
               +---------+---------+-------+---------+---------+-------+---------
